 Dungeon Crawl Stone Soup version 0.28-a0-258-g8de209e91f (webtiles) character file.

Game seed: 13483913355876035287

512 graki42 the Ducker (level 7, -6/49 HPs)
             Began as a Djinni Enchanter on Aug 26, 2021.
             Was a Follower of Dithmenos.
             Mangled by an iguana (9 damage)
             ... on level 4 of the Dungeon.
             The game lasted 00:14:48 (6020 turns).

graki42 the Ducker (Djinni Enchanter)               Turns: 6020, Time: 00:14:50

Health: -6/49      AC:  2    Str:  8    XL:     7   Next: 43%
Gold:   211        EV: 14    Int: 16    God:    Dithmenos [*.....] SH:  0 Dex: 21

rFire   + + .      SeeInvis .   l - +1 dagger (elec)
rCold   x . .      Faith    .   (no shield)
rNeg    . . .      Spirit   .   b - +0 robe
rPois   ∞          Reflect  .   (no helmet)
rElec   .          Harm     .   (no cloak)
rCorr   .          Rampage  .   (no gloves)
Will    .....                   (boots unavailable)
Stlth   +++.......              (no amulet)
HPRegen 0.16/turn               h - +6 ring of dexterity
MPRegen 0.00/turn               (no ring)

@: flying, wreathed by umbra
A: sickness immunity, fire resistance 2, cold vulnerability 1, float, innate
caster, hp casting, extra vitality 1
a: Renounce Religion


You were on level 4 of the Dungeon.
You worshipped Dithmenos.
Dithmenos was aware of your devotion.
You visited 1 branch of the dungeon, and saw 5 of its levels.

You collected 211 gold pieces.

Inventory:

Hand Weapons
 a - a +1 dagger
 l - a +1 dagger of electrocution (weapon)
Missiles
 g - 6 curare-tipped darts
Armour
 b - a +0 robe (worn)
Jewellery
 h - a +6 ring of dexterity (left hand)
Scrolls
 d - 3 scrolls of enchant weapon
 i - a scroll of fear {unknown}
 n - a scroll of teleportation {unknown}
 o - a scroll of magic mapping {unknown}
Potions
 c - a potion of invisibility
 e - a potion of magic {unknown}
 f - a potion of haste
 j - a potion of attraction
 k - 3 potions of lignification {unknown}
 m - a potion of resistance {unknown}
 p - a potion of ambrosia {unknown}


   Skills:
 + Level 2.7 Fighting
 + Level 2.7 Short Blades
 + Level 3.9 Dodging
 + Level 3.7 Stealth
 + Level 3.3 Spellcasting
 + Level 2.2 Invocations


You couldn't memorise any spells.
You knew the following spells:

 Your Spells              Type           Power      Damage    Failure   Level
a - Ensorcelled Hibernat  Hex/Ice        26%        N/A       7%          2
b - Confusing Touch       Hex            13%        N/A       14%         3
c - Tukima's Dance        Hex            13%        N/A       14%         3
d - Dazzling Flash        Conj/Hex       26%        N/A       14%         3
e - Apportation           Tloc           26%        N/A       4%          1
f - Corpse Rot            Necr/Air       N/A        N/A       7%          2
g - Searing Ray           Conj           26%        3d4       7%          2
Your spell library was empty.

Dungeon Overview and Level Annotations

Branches:
Dungeon (5/15)
 Temple: D:4-7

Altars:
Dithmenos
Qazlal
Beogh

Shops:
D:4 ?


Innate Abilities, Weirdness & Mutations

You are immune to sickness and miasma.
You are immune to poison.
Your flesh is very heat resistant. (rF++)
You are vulnerable to cold. (rC-)
You float through the air rather than walking.
You learn spells naturally, not from books.
Your magical power is your life essence.
You have superior vitality. (+4 HP)


Message History

The iguana looks drowsy...
A worm comes into view.
The iguana hisses angrily.
The iguana bites you.
There is a stone staircase leading up here.
You hit the iguana.
The iguana is lightly wounded.
The iguana bites you but does no damage.
You hit the iguana but do no damage. Lightning courses through the iguana!
The iguana is heavily wounded.
The iguana bites you!
You hit the iguana but do no damage.
The iguana is heavily wounded.
The iguana barely misses you.
You barely miss the iguana.
The iguana is heavily wounded.
The iguana bites you!
You barely miss the iguana.
The iguana is heavily wounded.
The iguana closely misses you. The iguana bites you!
* * * LOW HITPOINT WARNING * * *
You fly upwards.
There is a stone staircase leading down here.
You can't go up here!
Casting: Ensorcelled Hibernation (safe; 7% risk of failure)
Confirm with . or Enter, or press ? or * to list all spells.
Aiming: Ensorcelled Hibernation (safe; 7% risk of failure)
Press: ? - help, Shift-Dir - straight line, f - you That would be overly suicidal.
Okay, then.
Casting: Ensorcelled Hibernation (safe; 7% risk of failure)
Confirm with . or Enter, or press ? or * to list all spells.
Aiming: Ensorcelled Hibernation (safe; 7% risk of failure)
Press: ? - help, Shift-Dir - straight line, f - iguana
Aim: an iguana (heavily wounded, umbra, not susceptible)
The iguana is unaffected.
* * * LOW HITPOINT WARNING * * *
The iguana bites you!
You die...

###### ######### .....##
#@......# ...P..##
#l......#
..♣♣PP.#########.......#
.♣♣♣..P...........(....#
...♣....########..♣.♣..#
.....#### #.......#
...P.# #>.♣.♣..# PPP.##
####.#### ♣♣♣.# ♣.♣


You could see an iguana.

Vanquished Creatures
  Grinder (D:4)
  An orc priest (D:4)
  2 bullfrog skeletons
  An iguana (D:4)
  An orc wizard (D:3)
  A hound skeleton (D:4)
  A gnoll (D:4)
  5 adders
  An ufetubus (D:4)
  A worm (D:4)
  4 dart slugs
  11 orcs
  9 ball pythons
  6 bats
  8 endoplasms
  5 giant cockroaches
  7 goblins
  3 hobgoblins (D:1)
  6 jackals
  A kobold (D:4)
  A quokka (D:1)
  6 frilled lizards
  A quokka skeleton (D:4)
  4 rats
87 creatures vanquished.

Vanquished Creatures (others)
  9 plants (D:4)
9 creatures vanquished.

Grand Total: 96 creatures vanquished

Notes
Turn   | Place    | Note
-------+----------+-------------------------------------------
     0 | D:1      | graki42 the Djinni Enchanter began the quest for the Orb.
     0 | D:1      | Reached XP level 1. HP: 15/15 MP: 0/0
    58 | D:1      | Reached skill level 1 in Short Blades
   396 | D:1      | Reached XP level 2. HP: 15/22 MP: 0/0
  1187 | D:1      | Found a faded altar of an unknown god.
  1244 | D:1      | Reached XP level 3. HP: 5/26 MP: 0/0
  1244 | D:1      | Learned a level 1 spell: Apportation
  1653 | D:2      | Reached skill level 1 in Fighting
  2485 | D:2      | Reached XP level 4. HP: 32/32 MP: 0/0
  2775 | D:3      | Found a stormy altar of Qazlal.
  2920 | D:3      | Found a shadowy altar of Dithmenos.
  2924 | D:3      | Became a worshipper of Dithmenos the Shadowed
  3487 | D:4      | Noticed Grinder
  3734 | D:4      | Killed Grinder
  3735 | D:4      | Reached skill level 1 in Invocations
  3735 | D:4      | Reached XP level 5. HP: 4/38 MP: 0/0
  3735 | D:4      | Learned a level 2 spell: Corpse Rot
  3735 | D:4      | Reached XP level 6. HP: 4/43 MP: 0/0
  4749 | D:4      | Found Ynupub's Magic Scroll Boutique.
  4961 | D:4      | Reached XP level 7. HP: 44/49 MP: 0/0
  4961 | D:4      | Learned a level 2 spell: Searing Ray
  5803 | D:4      | Reached * piety under Dithmenos
  5993 | D:5      | Entered Level 5 of the Dungeon
  6020 | D:4      | Mangled by an iguana

Illustrated notes

Levels and vault maps discovered:
D:1:      roderic_crop_circles_arrival_small, layout_rooms,
          shapermc_ecumenical_altar_mp_ritualfount
D:2:      layout_rooms
D:3:      layout_basic, mainiacjoe_overflow_big_doors
D:4:      kennysheep_spiral_hall, layout_loops_ring,
          nicolae_ossuary_entry_ruins, serial_shops, nicolae_diamond_shop,
          serial_forest, infiniplex_forest_clump_curved,
          infiniplex_forest_end_2, infiniplex_forest_lined_2,
          infiniplex_forest_straight_3, infiniplex_forest_lined_4_way,
          infiniplex_forest_clump_double, kennysheep_orc_chapel, uniq_grinder
D:5:      layout_cave_pods, gammafunk_ghost_necromancy

Skill      XL: |  1  2  3  4  5  6  7 |
---------------+----------------------+-----
Short Blades   | 1 2 |  2.7
Fighting       | 1 2 |  2.7
Dodging        | 3 |  3.9
Stealth        | 3 |  3.7
Spellcasting   | 3 |  3.3
Invocations    | 1 2 |  2.2

Action                   |  1- 3 |  4- 6 |  7- 9 || total
-------------------------+-------+-------+-------++-------
Melee: Dagger            |   136 |   135 |    46 ||   317
 Cast: Ensorcelled Hiber |    13 |    10 |    15 ||    38
       Confusing Touch   |       |     5 |     3 ||     8
  Use: Scroll            |       |     4 |       ||     4
       Potion            |       |       |     3 ||     3
 Stab: Sleeping          |    18 |    11 |     6 ||    35
       Confused          |       |     2 |     3 ||     5
Armor: Robe              |    17 |    20 |     9 ||    46
Dodge: Dodged            |    70 |   107 |    24 ||   201

Table legend: (Time is in decaauts)
 A = Elapsed time spent in this place.
 B = Non-inter-level travel time spent in this place.
 C = Inter-level travel time spent in this place.
 D = Time resting spent in this place.
 E = Time spent auto-exploring this place.
 F = Levels seen in this place.
 G = Mean time per level.
                   A        B        C        D        E       F      G
               +--------+--------+--------+--------+--------+-----+--------+
         Total |   5981 |   5725 |    256 |   2191 |   2586 |   5 | 1196.2 |
       Dungeon |   5981 |   5725 |    256 |   2191 |   2586 |   5 | 1196.2 |
               +--------+--------+--------+--------+--------+-----+--------+

Top non-repeatable levels by time:
     D:3: 1819 daAuts
     D:1: 1645 daAuts
     D:4: 1539 daAuts
     D:2: 953 daAuts
     D:5: 24 daAuts
